 Dungeon Crawl Stone Soup version 0.21.1 (webtiles) character file.

2429 yogidapunk the Markscentaur (level 9, -3/67 HPs)
             Began as a Centaur Hunter on Feb 3, 2018.
             Slain by an orc warrior
             ... wielding a +0 hand axe
              (10 damage)
             ... on level 6 of the Dungeon.
             The game lasted 00:15:32 (8623 turns).

yogidapunk the Markscentaur (Centaur Hunter)        Turns: 8623, Time: 00:15:33

Health: -3/67      AC: 14    Str: 18    XL:     9   Next: 24%
Magic:  9/9        EV:  6    Int: 10    God:
Gold:   415        SH:  0    Dex: 10    Spells: 8/8 levels left

rFire    + . .     SeeInvis .   a - +1 shortbow
rCold    . . .     Gourm    .   (shield currently unavailable)
rNeg     . . .     Faith    .   H - +3 ring mail
rPois    .         Spirit   .   G - +1 helmet
rElec    .         Reflect  .   (no cloak)
rCorr    +         Harm     .   (no gloves)
MR       .....                  g - +0 centaur barding
Stlth    ..........             (no amulet)
HPRegen  0.21/turn              s - ring of resist corrosion
MPRegen  0.11/turn              B - ring of protection from fire

@: very slightly contaminated, very quick
A: large, hooves 3, deformed body, speed 2, tough skin 3
a: no special abilities


You were on level 6 of the Dungeon.
You were hungry.

You visited 1 branch of the dungeon, and saw 7 of its levels.

You collected 415 gold pieces.

Inventory:

Hand Weapons
 a - a +1 shortbow (weapon)
 b - a +1 whip of draining
 e - a +0 short sword
Missiles
 E - 19 stones (quivered)
Armour
 g - a +0 centaur barding (worn)
 G - a +1 helmet (worn)
 H - a +3 ring mail (worn)
Jewellery
 s - a ring of resist corrosion (left hand)
 B - a ring of protection from fire (right hand)
Wands
 c - a wand of iceblast (11)
 l - a wand of disintegration (4)
Scrolls
 i - 4 scrolls of remove curse
 j - a scroll of teleportation {unknown}
 o - 2 scrolls of magic mapping {unknown}
 p - a scroll of fog {unknown}
 q - a scroll of immolation {unknown}
 r - 2 scrolls of enchant weapon {unknown}
 v - a scroll of vulnerability {unknown}
 x - 2 scrolls of amnesia {unknown}
 y - a scroll of fear {unknown}
 C - a scroll of enchant armour {unknown}
Potions
 h - 6 potions of agility
 m - 2 potions of flight
 n - 3 potions of curing
 t - 2 potions of degeneration
 u - a potion of cancellation
 w - a potion of invisibility {unknown}
 z - 2 potions of heal wounds
 A - a potion of haste {unknown}
 F - a potion of might
Comestibles
 f - 6 rations


   Skills:
 - Level 2.0 Fighting
 + Level 15.9 Bows
 - Level 1.3 Dodging
 - Level 0.4 Stealth


You had 8 spell levels left.
You didn't know any spells.

Dungeon Overview and Level Annotations

Branches:
Dungeon (7/15)
 Temple: D:4-7

Altars:
Elyvilon
Kikubaaqudgha
Trog
Xom
The Shining One

Annotations:
D:4 funslinger's ghost, amateur MfGl


Innate Abilities, Weirdness & Mutations

You have hooves in place of feet.
Armour fits poorly on your strangely shaped body.
You cover ground very quickly.
You have extremely tough skin. (AC +3)


Message History

2 arrows; a jackal corpse
Items here: ( ) [[ 2 arrows; a chain mail; a scale mail; a flail of protection You see here an arrow.
Throwing (i - inventory):
E - 20 stones (quivered)
Press: ? - help, Shift-Dir - straight line, f/p - orc warrior
Aim: an orc warrior, wielding a hand axe and wearing a chain mail (heavily wounded)
You throw a stone.
The stone barely misses the orc warrior.
There is a stone staircase leading down here.
You climb downwards.
There is a stone staircase leading up here.
Unknown command.
You climb upwards.
The orc warrior hits you but does no damage. x2
There is a stone staircase leading down here.
Unknown command.
You see here an arrow.
The orc warrior hits you with a hand axe!
You die...

######## #(((((.# #.#######
##############.# ##_##
##...#(...((....# 8...8#
#..>..(...########.....#
#.....#o..# 8.....8#
#####....#.@.# ##.....##
##..##....#...# #8...8#
#...#######..#########.....##
#...##...##'#..#...##8.....8
#...#...............##.....#
#.####..............# 8...8
####...##o.l...........# ##>##
##..#....'..............# #####
#....#..##..########...#####.####


You could see an orc warrior.

Vanquished Creatures
  Pikel (D:6)
  The ghost of Alphaeus the Ruffian, a novice TrNe of Cheibriados (D:6)
  Grinder (D:6)
  Menkaure (D:6)
  Edmund (D:6)
  2 ice beasts (D:5)
  4 slaves (D:6)
  A sky beast (D:5)
  An ogre (D:6)
  A necrophage (D:5)
  2 bullfrogs (D:6)
  A scorpion (D:3)
  A crimson imp (D:4)
  A bullfrog zombie (D:5)
  2 jellies (D:5)
  An orc priest (D:4)
  A bullfrog skeleton (D:5)
  3 iguanas
  An orc wizard (D:4)
  4 worker ants
  A hound zombie (D:6)
  5 gnolls
  6 adders
  A howler monkey skeleton (D:5)
  A white imp (D:4)
  An ooze (D:2)
  An adder skeleton (D:4)
  3 dart slugs
  2 leopard geckos
  8 orcs
  2 ball pythons
  9 bats
  6 giant cockroaches
  6 goblins
  5 hobgoblins
  10 jackals
  6 kobolds
  A quokka (D:6)
  8 frilled lizards
  10 rats
123 creatures vanquished.

Vanquished Creatures (others)
  An adder (D:5)
  A giant cockroach (D:5)
  A frilled lizard (D:5)
3 creatures vanquished.

Grand Total: 126 creatures vanquished

Notes
Turn   | Place    | Note
-------+----------+-------------------------------------------
     0 | D:1      | yogidapunk the Centaur Hunter began the quest for the Orb.
     0 | D:1      | Reached XP level 1. HP: 17/17 MP: 1/1
   102 | D:1      | Reached skill level 6 in Bows
   102 | D:1      | Reached XP level 2. HP: 18/24 MP: 2/2
   632 | D:1      | Reached XP level 3. HP: 21/29 MP: 3/3
  1001 | D:2      | Reached skill level 7 in Bows
  1820 | D:3      | Reached XP level 4. HP: 34/36 MP: 4/4
  2128 | D:3      | Reached skill level 8 in Bows
  2128 | D:3      | Reached XP level 5. HP: 34/41 MP: 5/5
  2588 | D:4      | Found a glowing golden altar of the Shining One.
  2641 | D:4      | Found a bloodstained altar of Trog.
  2697 | D:4      | Reached skill level 9 in Bows
  2782 | D:4      | Noticed funslinger's ghost (amateur MfGl)
  2970 | D:5      | Entered Level 5 of the Dungeon
  2971 | D:5      | Noticed an ice beast
  2994 | D:5      | Killed an ice beast
  2994 | D:5      | Reached skill level 10 in Bows
  2994 | D:5      | Reached XP level 6. HP: 33/48 MP: 6/6
  3024 | D:5      | Noticed an ice beast
  3084 | D:5      | Killed an ice beast
  3257 | D:5      | Reached skill level 11 in Bows
  3257 | D:5      | Reached XP level 7. HP: 34/55 MP: 7/7
  3912 | D:5      | Found a shimmering altar of Xom.
  4311 | D:4      | Reached skill level 12 in Bows
  5554 | D:6      | Noticed Edmund
  5764 | D:6      | Noticed Alphaeus's ghost (novice TrNe)
  5850 | D:6      | Noticed Pikel
  5865 | D:6      | Found an ancient bone altar of Kikubaaqudgha.
  7048 | D:6      | Killed Alphaeus's ghost
  7048 | D:6      | Reached skill level 13 in Bows
  7048 | D:6      | Reached XP level 8. HP: 16/61 MP: 8/8
  7363 | D:6      | Killed Pikel
  7363 | D:6      | Reached skill level 14 in Bows
  7617 | D:6      | Noticed Menkaure
  7932 | D:6      | Killed Edmund
  7932 | D:6      | Reached skill level 15 in Bows
  8056 | D:6      | Killed Menkaure
  8056 | D:6      | Reached XP level 9. HP: 67/67 MP: 9/9
  8109 | D:6      | Noticed Grinder
  8116 | D:6      | Killed Grinder
  8583 | D:6      | Found a white marble altar of Elyvilon.
  8595 | D:6      | HP: 3/67 [orc warrior/hand axe (7)]
  8623 | D:6      | Slain by an orc warrior

Skill      XL: |  1  2  3  4  5  6  7  8 |
---------------+-------------------------+-----
Bows           | 6 7 8 10 11 13 15 | 15.9
Fighting       | |  2.0
Dodging        | |  1.3
Stealth        | |  0.4

Action                   |  1- 3 |  4- 6 |  7- 9 || total
-------------------------+-------+-------+-------++-------
Melee: Short sword       |   103 |    67 |    40 ||   210
       Kick              |    18 |     8 |    28 ||    54
       Whip              |       |       |    85 ||    85
 Fire: Shortbow          |     4 |    80 |   229 ||   313
Throw: Stone             |       |       |     3 ||     3
  Use: Scroll            |       |       |    10 ||    10
       Potion            |       |       |     2 ||     2
  Eat: Chunk             |     1 |     2 |     2 ||     5
       Ration            |       |     1 |     3 ||     4
Armor: Leather armour    |    17 |       |       ||    17
       Ring mail         |    13 |    38 |   120 ||   171
Dodge: Dodged            |    34 |    42 |    59 ||   135
